Map: Blueshift LE

Players

delcrimen

  • Race: Terran Terran
  • League: Diamond
  • Spawn Location: 7:00

Stropheum - Winner!

  • Race: Zerg Zerg
  • League: Diamond
  • Spawn Location: 1:00

VOD

Have the link to the VOD?

Description

Time

  • Played on: Sept. 17, 2018, 8:37 p.m.
  • Length: 13:43
Show
View Real Time Build Order
Export as new Build Order

delcrimen Terran 

Build Orders: Reaper Expand, MMM Bio 

Get SALT Encoding   

  12  0:01  SCV  
  13  0:13  SCV  
  14  0:17  Supply Depot  
  14  0:25  SCV  
  15  0:34  Refinery  
  15  0:39  SCV  
  16  0:43  Barracks  
  16  0:51  SCV  
  17  1:03  SCV  
  18  1:15  SCV  
  19  1:30  Orbital Command  
  19  1:31  Reaper  
  20  1:41  Command Center  
  20  1:51  Barracks  
  20  1:56  SCV  
  21  2:05  Barracks Reactor  
  21  2:06  Supply Depot  
  21  2:13  Refinery  
  21  2:14  SCV  
  22  2:28  SCV  
  23  2:32  Factory  
  23  2:41  Marine  
  24  2:46  Barracks Tech Lab  
  24  2:50  Marine  
  25  2:52  Orbital Command  
  25  2:56  Supply Depot  
  25  2:58  SCV  
  26  2:59  Marine  
  27  3:11  Marine x2  
  29  3:13  Stimpack  
  29  3:15  SCV  
  30  3:26  Starport  
  30  3:27  Factory Reactor, SCV  
  30  3:29  Marine  
  30  3:32  SCV  
  33  3:36  Marine x2  
  35  3:47  Marine, Supply Depot  
  35  3:53  Marine  
  35  3:54  Marine  
  37  3:56  SCV x2  
  39  4:03  Barracks  
  39  4:08  Medivac, SCV  
  39  4:09  Medivac  
  44  4:11  Factory Tech Lab  
  44  4:13  Supply Depot  
  44  4:17  Marine x2  
  44  4:20  Refinery  
  44  4:24  Marine  
  47  4:35  Marine  
  47  4:36  Engineering Bay  
  47  4:38  Supply Depot  
  48  4:46  Marine x2  
  48  4:49  Siege Tank  
  53  4:52  Marine  
  53  4:55  SCV x2  
  56  5:03  Supply Depot  
  56  5:04  Marine x2  
  56  5:05  Medivac  
  56  5:07  SCV  
  61  5:08  Terran Infantry Weapons Level 1  
  61  5:14  Combat Shields  
  61  5:37  Marine x3  
  61  5:38  Siege Tank  
  61  5:41  Marine  
  61  5:42  Marauder  
  70  5:55  Marine x3  
  73  5:57  Supply Depot  
  73  5:59  Marine  
  73  6:03  Marine  
  75  6:10  Siege Tank  
  78  6:13  Marine x2  
  55  6:47  Marine x2  
  55  6:48  Marauder  
  55  6:50  Marine x2  
  55  6:51  Medivac  
  63  7:05  Marine x2  
  65  7:08  Marine x2  
  65  7:09  Marauder  
  56  7:20  Siege Tank  
  56  7:21  Medivac, SCV  
  55  7:23  Marine x2  
  55  7:26  Marine x2  
  55  7:29  Terran Infantry Armor Level 1  
  59  7:30  SCV  
  59  7:31  Marauder  
  59  7:33  SCV  
  63  7:39  Concussive Shells  
  63  7:41  Marine x2  
  63  7:42  SCV  
  63  7:43  Barracks  
  63  7:44  Marine x2  
  66  7:45  Factory  
  66  7:47  Supply Depot  
  68  7:52  Marauder  
  69  7:59  Marine x2  
  69  8:00  SCV  
  69  8:01  SCV  
  69  8:02  Marine x2  
  69  8:04  Refinery  
  75  8:06  Starport Reactor  
  75  8:08  Siege Tank  
  78  8:13  Marine, SCV  
  78  8:16  Marine x2  
  78  8:19  Marine  
  82  8:20  Marine  
  84  8:30  Factory Reactor  
  84  8:31  Marauder  
  84  8:33  Marine  
  87  8:34  Marine x2  
  87  8:37  Marine x2  
  87  8:40  Siege Tank  
  94  8:52  Marine x2  
  94  8:53  Marauder  
  94  8:55  Marine x2  
  98  8:59  Marine  
  80  9:10  Marine x2  
  80  9:13  Marine x2  
  80  9:14  Marauder  
  86  9:17  Marine  
  86  9:23  Medivac  
  86  9:24  Medivac  
  91  9:28  Marine x2  
  91  9:31  Marine x2  
  90  9:35  Marine, Marauder  
  80  9:45  Marine, SCV x2  
  79  9:46  Marine  
  79  9:48  Marine  
  79  9:49  Marine  
  79  9:50  Command Center  
  79  9:52  Widow Mine  
  87  9:53  Medivac x2, Marine, Widow Mine  
  87  9:57  SCV x2, Marauder  
  96  10:03  Marine x2, Widow Mine  
  96  10:06  Marine x2  
  102  10:10  Supply Depot  
  102  10:31  Marine x5  
  102  10:32  SCV x2, Marauder  
  101  10:49  Marine x2  
  91  10:53  Marauder  
  82  11:04  Marine x3  
  82  11:05  Siege Tank  
  88  11:15  Marauder, Widow Mine x2  
  87  11:26  Marine  
  87  11:27  Marine x3  
  91  11:34  Medivac  
  91  11:36  Barracks Reactor, Marauder  
  91  11:37  Siege Tank, SCV  
  99  11:44  Marine x2  
  99  11:45  Marine x2  
  103  11:47  SCV  
  103  11:50  SCV  
  105  11:58  Marauder  
  90  12:09  Siege Tank  
  70  12:17  Marine  
  70  12:18  Marine x3  
  70  12:19  Marine x2, Marauder  
  70  12:22  Planetary Fortress, SCV x2  
  77  12:34  SCV x2  
  77  12:35  Marine x2  
  77  12:36  Marine x2  
  83  12:37  Marine x2, Refinery  
  83  12:38  Refinery  
  83  12:40  Marauder, Supply Depot  
  83  12:41  Siege Tank  
  83  12:42  Supply Depot  
  90  12:46  SCV  
  91  12:53  Marine x3, Barracks  
  91  12:54  Marine, Barracks  
  91  12:55  Marine x2, Barracks  
  91  12:57  SCV  
  91  12:58  SCV  
  99  13:02  Marauder  
Show
View Real Time Build Order
Export as new Build Order

Stropheum Zerg - Winner!

Build Orders: Hatch First 

Get SALT Encoding   

  12  0:01  Drone  
  13  0:13  Overlord  
  13  0:17  Drone  
  14  0:31  Drone x2  
  14  0:35  Drone  
  17  0:53  Hatchery  
  17  0:56  Drone  
  17  0:59  Drone  
  18  1:10  Extractor  
  17  1:14  Spawning Pool  
  17  1:18  Drone  
  17  1:22  Drone  
  18  1:28  Drone  
  19  1:39  Overlord  
  19  1:50  Overlord  
  19  2:03  Zergling x2  
  19  2:04  Queen x2  
  19  2:05  Zergling x2  
  25  2:11  Zergling x2  
  26  2:19  Metabolic Boost  
  26  2:22  Drone  
  27  2:23  Drone  
  27  2:26  Drone  
  29  2:34  Spore Crawler  
  28  2:40  Queen  
  31  2:45  Drone x3  
  31  2:50  Drone  
  35  2:54  Drone  
  36  3:06  Hatchery  
  35  3:18  Drone x4  
  35  3:19  Overlord  
  39  3:21  Drone  
  39  3:23  Drone  
  41  3:29  Overlord  
  41  3:31  Drone  
  41  3:32  Drone  
  41  3:33  Drone  
  44  3:52  Drone  
  44  3:53  Drone x8  
  53  3:57  Evolution Chamber  
  53  3:59  Baneling Nest  
  53  4:00  Drone  
  53  4:02  Overlord  
  52  4:13  Extractor  
  52  4:16  Overlord  
  51  4:23  Zergling x16  
  59  4:29  Queen  
  59  4:30  Queen  
  63  4:34  Zerg Ground Armor Level 1  
  63  4:35  Evolution Chamber  
  63  4:39  Queen  
  65  4:48  Overlord  
  65  4:49  Overlord x2  
  65  5:03  Overlord  
  65  5:05  Queen  
  65  5:06  Queen  
  68  5:14  Queen  
  68  5:15  Zerg Melee Weapons Level 1  
  68  5:17  Zergling x2  
  68  5:18  Zergling x16  
  78  5:34  Overlord x3  
  78  5:38  Overlord x2  
  78  5:47  Queen  
  78  5:48  Queen  
  82  5:50  Queen  
  82  5:54  Drone x8  
  82  5:55  Drone  
  93  6:05  Baneling Nest  
  92  6:12  Zergling x12  
  94  6:32  Extractor  
  94  6:33  Extractor  
  94  6:35  Extractor  
  86  6:42  Zergling x2  
  86  6:43  Zergling x18  
  83  6:51  Zergling x4  
  85  6:54  Lair  
  85  7:00  Zergling x2  
  85  7:01  Zergling x20  
  84  7:17  Zergling x8  
  84  7:20  Overlord x2  
  88  7:32  Hatchery x2  
  88  7:35  Drone x10  
  96  7:42  Drone  
  96  7:43  Drone  
  97  7:59  Centrifical Hooks  
  97  8:00  Zerg Melee Weapons Level 2, Zerg Ground Armor Level 2  
  97  8:04  Hydralisk Den  
  96  8:06  Drone  
  96  8:07  Drone  
  96  8:09  Drone x2  
  96  8:10  Drone x10  
  107  8:21  Infestation Pit  
  107  8:22  Zergling x6  
  107  8:24  Overseer  
  106  8:29  Baneling x13  
  106  8:30  Zergling x4  
  106  8:34  Zergling x8  
  112  8:42  Zergling x12  
  118  9:00  Zergling x14  
  102  9:10  Zergling x10  
  102  9:11  Zergling x6  
  108  9:19  Zergling x2  
  108  9:20  Zergling x6  
  108  9:23  Grooved Spines  
  112  9:28  Zergling x4  
  98  9:46  Hive, Overlord x2  
  98  9:47  Drone x5  
  98  9:51  Spine Crawler  
  102  9:52  Spine Crawler  
  102  9:53  Spine Crawler  
  102  9:54  Burrow  
  100  10:01  Drone, Overlord x2  
  100  10:02  Drone x5  
  100  10:03  Drone x5  
  111  10:14  Hydralisk x4, Baneling x8  
  111  10:15  Hatchery  
  111  10:20  Hydralisk  
  111  10:21  Hydralisk x6  
  119  10:26  Hydralisk  
  119  10:27  Hydralisk x4  
  136  10:41  Zergling x8  
  134  10:47  Hydralisk x4  
  137  10:52  Zergling x18  
  141  10:57  Queen x3  
  147  11:04  Adrenal Glands  
  147  11:05  Queen, Ultralisk Cavern  
  147  11:06  Extractor, Muscular Augments  
  147  11:08  Drone x2  
  147  11:09  Drone  
  147  11:10  Overlord  
  150  11:12  Extractor x2  
  142  11:27  Overlord  
  142  11:28  Overlord x3  
  142  11:37  Baneling x6  
  142  11:38  Baneling x7  
  142  11:55  Chitinous Plating  
  129  12:21  Ultralisk x2  
  139  12:24  Zergling x10  
  139  12:25  Zergling x44  
  166  12:35  Ultralisk x2  
  178  12:54  Spore Crawler  
  178  12:55  Spine Crawler x2  
  175  13:02  Baneling x17  
  175  13:03  Baneling x3  
  175  13:06  Zergling x40  
  175  13:07  Zergling x4  
Tags
 
Add a new tag
Caveats
  • Supply blocks, unpowered buildings, or Contaminate may cause inaccurate times.
  • Supply counts are checked every 10 seconds.